 Dungeon Crawl Stone Soup version 0.22.1 (webtiles) character file.

1368 JedernureinKreuz the Firebug (level 8, -3/57 HPs)
             Began as a Demigod Fire Elementalist on Sept 19, 2018.
             Slain by an orc warrior
             ... wielding a +0 scimitar
              (23 damage)
             ... on level 7 of the Dungeon.
             The game lasted 00:29:19 (6874 turns).

JedernureinKreuz the Firebug (DgFE)                 Turns: 6874, Time: 00:29:19

Health: -3/57      AC:  4    Str: 11    XL:     8   Next: 15%
Magic:  16/25      EV: 14    Int: 23    God:
Gold:   333        SH:  5    Dex: 16    Spells: 7/13 levels left

rFire    . . .     SeeInvis .   i - +1 short sword
rCold    . . .     Gourm    .   b - +0 buckler
rNeg     . . .     Faith    .   C - +1 robe {MR+}
rPois    .         Spirit   .   (no helmet)
rElec    .         Reflect  .   g - +0 cloak (curse)
rCorr    .         Harm     .   (no gloves)
MR       +....                  (no boots)
Stlth    +++.......             f - amulet of the acrobat
HPRegen  0.19/turn              o - ring of magical power
MPRegen  0.19/turn              (no ring)

@: very slightly contaminated
A: high mp 1
a: no special abilities


You were on level 7 of the Dungeon.
You were near starving.

You visited 1 branch of the dungeon, and saw 7 of its levels.

You collected 333 gold pieces.

Inventory:

Hand Weapons
 i - a +1 short sword (weapon)
 m - a +2 mace of crushing
 x - a +1 flail of crushing
 D - a +2 hand axe of chopping
 E - a +3 trident
Missiles
 d - 229 stones
 j - 89 arrows
 q - 71 sling bullets
 y - 12 tomahawks (quivered)
 A - a throwing net
 G - 94 bolts
Armour
 a - a +0 robe
 b - a +0 buckler (worn)
 g - a cursed +0 cloak (worn)
 w - a +0 leather armour
 C - a +1 robe of magic resistance (worn)
Magical Staves
 J - an uncursed staff of wizardry {unknown}
 K - an uncursed staff of fire {unknown}
Jewellery
 f - an amulet of the acrobat (around neck)
 o - a ring of magical power (left hand)
 B - a cursed -3 ring of dexterity {unknown}
Wands
 r - a wand of enslavement (8)
 s - a wand of paralysis (19)
 H - a wand of random effects (24)
Scrolls
 h - 5 scrolls of identify
 l - 6 scrolls of enchant weapon
 p - a scroll of blinking
 u - 3 scrolls of fog
 z - a scroll of teleportation
Potions
 e - a potion of mutation {unknown}
 k - a potion of resistance {unknown}
 n - a potion of agility
 t - 2 potions of curing {unknown}
 v - 2 potions of might {unknown}
 F - 2 potions of flight {unknown}
 I - 2 potions of brilliance {unknown}
 L - a potion of ambrosia {unknown}
 M - a potion of cancellation {unknown}
 N - a potion of lignification {unknown}
Comestibles
 c - 13 rations


   Skills:
 + Level 2.9 Short Blades
 + Level 3.0 Armour
 + Level 3.8 Dodging
 + Level 4.0 Stealth
 + Level 2.9 Shields
 + Level 3.3 Spellcasting
 + Level 3.3 Conjurations
 + Level 4.3 Fire Magic


You had 7 spell levels left.
You knew the following spells:

 Your Spells              Type           Power        Failure   Level  Hunger
a - Flame Tongue          Conj/Fire      ###..        2%          1    None
b - Fireball              Conj/Fire      ###.......   56%         5    ######.

Your spell library contained the following spells:

 Spells                   Type           Power        Failure   Level  Hunger
 Throw Flame              Conj/Fire      ###...       3%          2    ##.....
 Conjure Flame            Conj/Fire      ###.....     8%          3    ###....
 Inner Flame              Hex/Fire       ##......     16%         3    ###....
 Sticky Flame             Conj/Fire      ###.....     26%         4    ####...


Dungeon Overview and Level Annotations

Branches:
Dungeon (7/15)             Temple (0/1) D:6

Shops:
D:4 :


Innate Abilities, Weirdness & Mutations

You have an increased reservoir of magic. (+10% MP)


Message History

You kill the orc!
You block the orc warrior's attack.
Casting: Flame Tongue (safe; 2% risk of failure)
Confirm with . or Enter, or press ? or * to list all spells.
Aiming: Flame Tongue (safe; 2% risk of failure)
Press: ? - help, Shift-Dir - straight line, f/p - orc warrior
Aim: an orc warrior, wielding a scimitar and wearing a chain mail (lightly The flame tongue hits the orc warrior.
The orc warrior appears unharmed.
The orc warrior is lightly wounded.
You block the orc warrior's attack.
Casting: Flame Tongue (safe; 2% risk of failure)
Confirm with . or Enter, or press ? or * to list all spells.
Aiming: Flame Tongue (safe; 2% risk of failure)
Press: ? - help, Shift-Dir - straight line, f/p - orc warrior
Aim: an orc warrior, wielding a scimitar and wearing a chain mail (lightly You miscast Flame Tongue.
You are very lightly contaminated with residual magic.
Your hair stands on end.
The orc warrior hits you with a scimitar!!
You die...

#########
#..(((...
#.# #)#
#o##########
#@##.......#
#.##.#####.#
#.##.#<..#.#
#.##)###.#.#
#.##.....#.#
#.########.#
#..).......#
############


You could see an orc warrior.

Vanquished Creatures
  An ice beast (D:6)
  A black bear (D:6)
  3 ogres
  A bullfrog (D:2)
  2 scorpions
  4 crimson imps
  6 orc priests
  A jelly (D:6)
  An orc wizard (D:3)
  An iguana (D:6)
  4 worker ants
  8 adders
  2 shadow imps (D:6)
  2 oozes
  3 worms
  3 dart slugs
  A leopard gecko (D:1)
  37 orcs
  2 ball pythons
  11 bats
  5 giant cockroaches
  8 hobgoblins
  14 jackals
  A quokka (D:5)
  2 frilled lizards
  9 goblins
  4 kobolds
  2 leopard gecko skeletons
  A leopard gecko zombie (D:5)
  7 rats
147 creatures vanquished.

Notes
Turn   | Place    | Note
-------+----------+-------------------------------------------
     0 | D:1      | JedernureinKreuz the Demigod Fire Elementalist began the
                  | quest for the Orb.
     0 | D:1      | Reached XP level 1. HP: 14/14 MP: 5/5
   122 | D:1      | Reached skill level 1 in Conjurations
   197 | D:1      | Reached XP level 2. HP: 20/20 MP: 4/7
   854 | D:1      | Reached XP level 3. HP: 24/26 MP: 4/8
  1135 | D:2      | Found a shattered altar of Ashenzari.
  1140 | D:2      | Found a hide-covered altar of Uskayaw.
  1143 | D:2      | Found a hazy altar of Hepliaklqana.
  1330 | D:2      | Found a burning altar of Makhleb.
  1330 | D:2      | Found a glowing silver altar of Zin.
  1331 | D:2      | Noticed an angel
  1331 | D:2      | Noticed a cacodemon
  1756 | D:2      | Found an opulent altar of Gozag.
  1768 | D:2      | Noticed a bullfrog
  1775 | D:2      | Killed a bullfrog
  1775 | D:2      | Reached skill level 1 in Armour
  1775 | D:2      | Reached skill level 1 in Shields
  1775 | D:2      | Reached XP level 4. HP: 8/33 MP: 1/10
  2115 | D:2      | Reached XP level 5. HP: 11/38 MP: 8/11
  2381 | D:2      | Reached skill level 1 in Short Blades
  2452 | D:3      | Noticed an ogre
  2483 | D:3      | Killed an ogre
  2931 | D:3      | Paralysed by a goblin for 6 turns
  2993 | D:3      | Reached XP level 6. HP: 17/45 MP: 12/12
  3507 | D:4      | Learned a level 5 spell: Fireball
  4681 | D:4      | Found Wolekeh's Book Boutique.
  4827 | D:5      | Entered Level 5 of the Dungeon
  4857 | D:4      | Reached XP level 7. HP: 37/50 MP: 14/14
  5225 | D:5      | Found a sacrificial altar of Ru.
  5335 | D:5      | Found a sparkling altar of Nemelex Xobeh.
  6191 | D:6      | Found a staircase to the Ecumenical Temple.
  6253 | D:6      | Reached XP level 8. HP: 14/57 MP: 16/16
  6653 | D:6      | Found a blossoming altar of Fedhas.
  6874 | D:7      | Slain by an orc warrior

Skill      XL: |  1  2  3  4  5  6  7  8 |
---------------+-------------------------+-----
Stealth        | 2 3 4 |  4.0
Conjurations   | 1 2 3 |  3.3
Dodging        | 2 3 |  3.8
Fire Magic     | 3 4 |  4.3
Spellcasting   | 2 3 |  3.3
Armour         | 1 2 3 |  3.0
Shields        | 1 2 |  2.9
Short Blades   | 1 2 |  2.9

Action                   |  1- 3 |  4- 6 |  7- 9 || total
-------------------------+-------+-------+-------++-------
Melee: Mace              |     9 |       |       ||     9
       Short sword       |    65 |   160 |   205 ||   430
Throw: Stone             |     4 |     1 |       ||     5
       Tomahawk          |       |    11 |    49 ||    60
 Cast: Flame Tongue      |    30 |   113 |    71 ||   214
  Use: Scroll            |       |     5 |     2 ||     7
 Stab: Sleeping          |     6 |     3 |       ||     9
  Eat: Chunk             |     3 |     9 |     6 ||    18
Armor: Robe              |    14 |    26 |    35 ||    75
       Leather armour    |       |    11 |       ||    11
Dodge: Dodged            |    46 |   162 |   115 ||   323
Block: Buckler           |    16 |    54 |    40 ||   110
